 Dungeon Crawl Stone Soup version 0.13-a0-2537-g1f6edf4 (webtiles) character file.

9655 Kae the Arsonist (level 11, -9/54 HPs)
             Began as a Tengu Fire Elementalist on July 27, 2013.
             Was a Priest of Vehumet.
             Mangled by a spiny frog (23 damage)
             ... on Level 1 of the Lair of Beasts.
             The game lasted 00:41:00 (17135 turns).

Kae the Arsonist (Tengu Fire Elementalist)         Turns: 17135, Time: 00:41:00

HP  -9/54        AC  3     Str  9      XL: 11   Next: 42%
MP  39/44        EV 15     Int 18      God: Vehumet [***...]
Gold 463         SH  0     Dex 15      Spells:  7 memorised,  7 levels left

Res.Fire  : . . .   See Invis. : .   n - staff of power
Res.Cold  : . . .   Warding    : .   a - +0 robe
Life Prot.: . . .   Conserve   : .   (no shield)
Res.Poison: .       Res.Corr.  : .   (helmet restricted)
Res.Elec. : .       Clarity    : .   u - +0 cloak (curse)
Sust.Abil.: . .     Spirit.Shd : .   (no gloves)
Res.Mut.  : .       Stasis     : .   (boots unavailable)
Res.Rott. : .       Flight     : .   (no amulet)
Saprovore : . . .                    (no ring)
                                     o - ring of protection from magic

@: quite resistant to hostile enchantments, fairly stealthy
A: able to fly, beak, talons 3
a: Fly, Renounce Religion


You were on level 1 of the Lair of Beasts.
You worshipped Vehumet.
Vehumet was greatly pleased with you.
You were not hungry.

You visited 3 branches of the dungeon, and saw 11 of its levels.

You collected 488 gold pieces.
You spent 45 gold pieces at shops.

Inventory:

Hand weapons
 e - a cursed +2,+0 orcish dagger (quivered)
Armour
 a - a +0 robe (worn)
 u - a cursed +0 cloak (worn)
 v - a +0 orcish cloak
Magical devices
 c - a wand of heal wounds (0)
 t - a wand of frost (0)
 y - a wand of digging (14)
 z - a wand of lightning (5)
 C - a wand of cold (9)
 H - a wand of paralysis (8)
Comestibles
 i - a lychee
 s - a royal jelly
 w - a chunk of bat flesh
 B - a chunk of adder flesh
 I - a choko
Scrolls
 g - a scroll of remove curse
 h - 2 scrolls of teleportation
 k - 3 scrolls of identify
 A - 4 scrolls of fog
 E - 3 scrolls of enchant weapon II
Jewellery
 o - a ring of protection from magic (left hand)
Potions
 d - 2 potions of curing
 f - 2 potions of restore abilities
 j - a potion of resistance
 l - 3 potions of agility
 m - 5 potions of heal wounds
 q - a potion of cure mutation
 r - 5 potions of might
 x - 2 potions of magic
Books
 b - a book of Flames

   Spells                             Type                      Level
   *Flame Tongue                      Conjuration/Fire             1
   *Throw Flame                       Conjuration/Fire             2
   *Conjure Flame                     Conjuration/Fire             3
   Inner Flame                        Hexes/Fire                   3
   *Sticky Flame                      Conjuration/Fire             4
   *Fireball                          Conjuration/Fire             5
 p - a book of Frost

   Spells                             Type                      Level
   Freeze                             Ice                          1
   *Throw Frost                       Conjuration/Ice              2
   Ozocubu's Armour                   Charms/Ice                   3
   *Throw Icicle                      Conjuration/Ice              4
   Summon Ice Beast                   Ice/Summoning                4
   Condensation Shield                Ice                          4
Magical staves
 n - an uncursed staff of power (weapon)


   Skills:
 + Level 5.9 Dodging
 - Level 2.0 Stealth
 + Level 9.0 Spellcasting
 - Level 10.3 Conjurations
 - Level 11.3 Fire Magic
 + Level 5.3 Evocations


You had 7 spell levels left.
You knew the following spells:

 Your Spells              Type           Power        Failure   Level  Hunger
a - Flame Tongue          Conj/Fire      #####        1%          1    None
b - Throw Flame           Conj/Fire      #####.       1%          2    None
c - Conjure Flame         Conj/Fire      #####...     1%          3    None
d - Sticky Flame          Conj/Fire      #####...     1%          4    ###....
e - Fireball              Conj/Fire      #####.....   1%          5    ####...
f - Throw Frost           Conj/Ice       ####..       1%          2    None
g - Throw Icicle          Conj/Ice       ####....     4%          4    ###....


Dungeon Overview and Level Annotations

Branches:
Dungeon (9/27)             Temple (1/1) D:7             Orc (0/4) D:7
   Lair (1/8) D:9

Altars:
Ashenzari
Cheibriados
Elyvilon
Fedhas
Kikubaaqudgha
Makhleb
Nemelex Xobeh
Okawaru
Sif Muna
Trog
Vehumet
Xom
Yredelemnul
Zin
the Shining One

Shops:
D:4: +( D:5: /


Innate Abilities, Weirdness & Mutations

You can fly.
You have a beak for a mouth.
You have claws for feet.


Message History

Casting: Flame Tongue
Confirm with . or Enter, or press ? or * to list all spells.
Aiming: Flame Tongue
Press: ? - help, Shift-Dir - straight line, f/p - spiny frog
Aim: a spiny frog (almost dead)
The flame hits the spiny frog.
The spiny frog appears unharmed.
The spiny frog is almost dead.
* * * LOW HITPOINT WARNING * * *
You feel sick.
You feel better. The spiny frog misses you.
Casting: Flame Tongue
Confirm with . or Enter, or press ? or * to list all spells.
Aiming: Flame Tongue
Press: ? - help, Shift-Dir - straight line, f/p - spiny frog
Aim: a spiny frog (almost dead)
The flame hits the spiny frog.
The spiny frog appears unharmed.
The spiny frog is almost dead.
The spiny frog stings you!
You die...

###.########.#.........#
#.......##.....#.........
#^#>....##..##..........
#...##............#.#.#
..#.f#.####.##.......#
#...##....#.####.....#
#...#.#..##.####.....#
#........##....'.....# .
....###.########@...## ..
..#.# ## ##F...##.#..#
....# ####...........#
....## #####P###..........#
.....###......###.#.......#
.......+.>....'...........#
...####.......###........##
...# ###......# #...####.#
...###P.......# #...# .


You could see a spiny frog.

Vanquished Creatures
  The ghost of horsemans the Covered, an experienced MiFi of Okawaru (D:7)
  A queen ant (D:9)
  Grinder (D:5)
  The ghost of Kae the Firebug, an experienced TeFE (D:6)
  2 trolls
  A yak (D:8)
  A wraith (D:8)
  A hungry ghost (D:7)
  A hill giant skeleton (D:9)
  20 soldier ants (D:9)
  A hippogriff (D:7)
  3 porcupines (Lair:1)
  2 manticores (D:9)
  A phantom (D:8)
  2 necrophages
  A black bear (D:7)
  A sky beast (D:7)
  An orc warrior (D:7)
  2 centaurs
  A crocodile (D:9)
  6 ogres
  3 human zombies (D:8)
  A water moccasin (D:7)
  3 giant frogs
  A troll zombie (D:8)
  5 killer bees (D:7)
  A jellyfish (Lair:1)
  2 wights (D:8)
  An electric eel (Lair:1)
  6 crimson imps
  2 goliath beetles
  A quasit (D:9)
  2 orc priests
  3 centaur skeletons
  An elf zombie (D:8)
  4 hounds
  5 orc wizards
  19 worker ants
  3 scorpions
  5 iguanas
  A jelly (D:7)
  An ogre zombie (D:7)
  An ogre skeleton (D:9)
  A hound zombie (D:9)
  3 mummies (D:8)
  4 gnolls
  14 adders
  8 green rats
  A giant mite (D:4)
  An inept feature mimic (D:2)
  A goliath beetle zombie (D:6)
  3 worms
  An iguana zombie (D:6)
  A giant eyeball (D:6)
  4 giant geckos
  2 oozes
  42 orcs
  A bat skeleton (D:8)
  A bat zombie (D:8)
  3 giant cockroaches
  7 goblins
  12 hobgoblins
  10 jackals
  6 quokkas
  A ball python (D:2)
  16 bats
  5 giant newts
  14 kobolds
  2 kobold zombies (D:7)
  10 rats
  A rat skeleton (D:4)
  2 fungi (D:9)
299 creatures vanquished.

Vanquished Creatures (others)
  4 fungi (D:9)
4 creatures vanquished.

Grand Total: 303 creatures vanquished

Notes
Turn   | Place    | Note
--------------------------------------------------------------
     0 | D:1      | Kae, the Tengu Fire Elementalist, began the quest for the Orb.
     0 | D:1      | Reached XP level 1. HP: 10/10 MP: 3/3
   585 | D:1      | Reached XP level 2. HP: 15/15 MP: 1/5
   624 | D:1      | Found a shattered altar of Ashenzari.
   875 | D:2      | Found a glowing golden altar of the Shining One.
  1010 | D:2      | Reached XP level 3. HP: 17/19 MP: 4/7
  1361 | D:3      | Found a blossoming altar of Fedhas.
  1744 | D:3      | Reached XP level 4. HP: 7/24 MP: 2/9
  2092 | D:3      | Reached skill level 4 in Fire Magic
  2726 | D:3      | Found a deep blue altar of Sif Muna.
  3130 | D:3      | Reached XP level 5. HP: 28/28 MP: 8/11
  3526 | D:3      | Learned a level 2 spell: Throw Flame
  3534 | D:3      | Learned a level 3 spell: Conjure Flame
  3781 | D:4      | Noticed an ogre
  3924 | D:4      | Killed an ogre
  3924 | D:4      | Reached skill level 5 in Conjurations
  3924 | D:4      | Reached skill level 5 in Fire Magic
  3924 | D:4      | Reached XP level 6. HP: 32/32 MP: 1/13
  4135 | D:4      | Found Umodeot's Antique Weapon Shop.
  4138 | D:4      | Found Shreif's Book Emporium.
  4878 | D:5      | Entered Level 5 of the Dungeon
  4880 | D:5      | Found Proum's Magical Wand Emporium.
  5079 | D:5      | Bought a wand of frost (5) for 45 gold pieces
  5108 | D:5      | Noticed Grinder
  5147 | D:5      | Killed Grinder
  5147 | D:5      | Reached skill level 6 in Fire Magic
  5147 | D:5      | Reached XP level 7. HP: 36/36 MP: 8/16
  6665 | D:6      | Reached skill level 7 in Fire Magic
  6665 | D:6      | Reached XP level 8. HP: 41/41 MP: 12/20
  6922 | D:6      | Found a white marble altar of Elyvilon.
  6925 | D:6      | Noticed Kae's ghost (experienced TeFE)
  7118 | D:6      | Killed Kae's ghost
  8124 | D:7      | Noticed horsemans' ghost (experienced MiFi)
  8334 | D:7      | Reached skill level 5 in Spellcasting
  8623 | D:7      | Identified a scroll of acquirement
  8647 | D:7      | Reached skill level 8 in Conjurations
  8935 | D:7      | Killed horsemans' ghost
  8935 | D:7      | Reached XP level 9. HP: 18/45 MP: 22/22
  9117 | D:7      | Learned a level 4 spell: Sticky Flame
  9123 | D:7      | Learned a level 5 spell: Fireball
  9123 | D:7      | Found a staircase to the Orcish Mines.
  9477 | D:7      | Reached skill level 9 in Conjurations
 10229 | D:7      | Found a staircase to the Ecumenical Temple.
 10254 | Temple   | Entered the Ecumenical Temple
 10437 | Temple   | Became a worshipper of Vehumet
 10524 | D:7      | Reached skill level 10 in Conjurations
 11295 | D:8      | Reached XP level 10. HP: 50/50 MP: 25/25
 11577 | D:8      | Reached skill level 10 in Fire Magic
 11869 | D:8      | Found a basalt altar of Yredelemnul.
 11879 | D:8      | Acquired Vehumet's first power
 11879 | D:8      | Offered knowledge of Shock by Vehumet.
 12718 | D:9      | Reached skill level 11 in Fire Magic
 13489 | D:9      | Found an iron altar of Okawaru.
 13677 | D:9      | Reached skill level 1 in Evocations
 14121 | D:9      | Found an iron altar of Okawaru.
 14638 | D:9      | Offered knowledge of Sandblast by Vehumet.
 14794 | D:9      | Reached XP level 11. HP: 49/54 MP: 28/28
 15470 | D:9      | Reached skill level 5 in Dodging
 15776 | D:9      | Reached skill level 5 in Evocations
 15965 | D:9      | Found a staircase to the Lair.
 16110 | D:9      | Offered knowledge of Mephitic Cloud by Vehumet.
 16116 | D:9      | Learned a level 2 spell: Throw Frost
 16121 | D:9      | Learned a level 4 spell: Throw Icicle
 16203 | D:9      | Found an ancient bone altar of Kikubaaqudgha.
 16206 | D:9      | Found a burning altar of Makhleb.
 16209 | D:9      | Found a bloodstained altar of Trog.
 16400 | Lair:1   | Entered Level 1 of the Lair of Beasts
 16492 | Lair:1   | Paralysed by you for 6 turns
 17117 | Lair:1   | Acquired Vehumet's second power
 17135 | Lair:1   | Mangled by a spiny frog

Action                   |  1- 3 |  4- 6 |  7- 9 | 10-12 || total
-------------------------+-------+-------+-------+-------++-------
Melee: Unarmed           |    10 |     6 |       |       ||    16
       Dagger            |       |     9 |   167 |       ||   176
       Staff             |       |       |     9 |    53 ||    62
 Cast: Flame Tongue      |    51 |   116 |   227 |   417 ||   811
       Throw Flame       |       |     9 |    17 |    52 ||    78
       Conjure Flame     |       |     3 |    15 |    29 ||    47
       Sticky Flame      |       |       |     4 |    16 ||    20
       Fireball          |       |       |       |     9 ||     9
 Abil: Fly               |       |     1 |     1 |     7 ||     9
Evoke: Wand              |       |       |     9 |    17 ||    26
  Use: Scroll            |     1 |     9 |     3 |     9 ||    22
       Potion            |       |       |       |     4 ||     4
 Stab: Sleeping          |     1 |       |       |       ||     1
